 Dungeon Crawl Stone Soup version 0.32-a0-290-g598725c5f2 (webtiles) character file.

Game seed: 13381968289678128508

517 Dittersdorf the Trooper (level 7, -4/44 HPs)
             Began as a Gargoyle Fighter on Feb 13, 2024.
             Was an Initiate of Gozag.
             Incinerated by a bombardier beetle (5 damage)
             ... with a burning spray
             ... on level 5 of the Dungeon.
             The game lasted 00:04:38 (4317 turns).

Dittersdorf the Trooper (Gargoyle Fighter)          Turns: 4317, Time: 00:04:39

Health: -4/44      AC: 14    Str: 21    XL:     7   Next: 20%
Magic:  0/7        EV: 13    Int:  9    God:    Gozag
Gold:   241        SH:  4    Dex:  9    Spells: 6/6 levels left

rFire   . . .        a - +0 flail
rCold   . . .        c - +0 buckler
rNeg    + . .        b - +0 scale mail
rPois   ∞            (no helmet)
rElec   +            h - +1 cloak of Starlight {*Dazzle EV+4 Stlth--}
rCorr   .            (no gloves)
SInv    .            (no boots)
Will    .....        l - amulet of guardian spirit Stlth
                     (no ring)
HPRegen 0.27/turn    (no ring)
MPRegen 0.10/turn

%: guardian spirit
@: on fire, glowing
A: sickness immunity, AC +4, negative energy resistance 1, electricity
resistance, torment resistance 1, petrification resistance
a: Renounce Religion, Potion Petition, Call Merchant, Bribe Branch


You were on level 5 of the Dungeon.
You worshipped Gozag.
Gozag was aware of your devotion.
You visited 2 branches of the dungeon, and saw 6 of its levels.

You collected 316 gold pieces.
You paid 75 gold pieces to Gozag.

Inventory:

Hand Weapons
 a - a +0 flail (weapon)
Armour
 b - a +0 scale mail (worn)
 c - a +0 buckler (worn)
 h - the +1 cloak of Starlight (worn) {*Dazzle EV+4 Stlth--}
   (You acquired it on level 4 of the Dungeon)

   *Dazzle:   It may blind those who miss an attack against the wearer in melee
   combat.
   EV+4:      It affects your evasion (+4).
   Stlth--:   It makes you much less stealthy.
Jewellery
 l - an amulet of guardian spirit (around neck)
Wands
 j - a wand of flame (21) (quivered)
 o - a wand of iceblast (19)
Scrolls
 i - 2 scrolls of fear {unknown}
Potions
 d - a potion of might
 e - a potion of berserk rage {unknown}
 f - a potion of haste {unknown}
 g - 2 potions of brilliance {unknown}
 k - a potion of enlightenment


   Skills:
 + Level 5.2 Fighting
 + Level 4.1 Maces & Flails
 + Level 5.1 Armour
 + Level 5.1 Shields


You had 6 spell levels left.
You didn't know any spells.
Your spell library contained the following spells:

 Spells                   Type           Power      Damage    Failure   Level
 Magic Dart               Conj           0%         1d3       77%         1
 Searing Ray              Conj           0%         2d4       88%         2
 Summon Ice Beast         Ice/Summ       0%         N/A       98%         3
 Fulminant Prism          Conj/Alch      0%         3d5       100%        4
 Summon Mana Viper        Hex/Summ       0%         N/A       100%        5
 Monstrous Menagerie      Summ           0%         N/A       100%        7


Dungeon Overview and Level Annotations

Branches:
Dungeon (5/15)             Temple (1/1) D:4

Altars:
Ashenzari
Cheibriados
Dithmenos
Elyvilon
Fedhas
Gozag
Hepliaklqana
Kikubaaqudgha
Nemelex Xobeh
Okawaru
Qazlal
Ru
Sif Muna
Trog
Uskayaw
Vehumet
Wu Jian
Xom
Yredelemnul
Zin


Innate Abilities, Weirdness & Mutations

You are immune to sickness and miasma.
Your stone body is resilient. (AC +4)
You are immune to poison.
You resist negative energy. (rN+)
You are resistant to electric shocks. (rElec)
You are resistant to unholy torment.
You are immune to petrification.


Message History

You are too injured to fight recklessly!
You are too injured to fight recklessly!
You are too injured to fight recklessly!
You are too injured to fight recklessly!
You are too injured to fight recklessly!
You are too injured to fight recklessly!
You hit the bombardier beetle but do no damage.
The bombardier beetle is moderately wounded.
The liquid fire burns you!
The bombardier beetle is no longer blind.
You completely miss the bombardier beetle.
The bombardier beetle is moderately wounded.
The liquid fire burns you!
* * * LOW HITPOINT WARNING * * *
The bombardier beetle sprays incendiary fluid at you.
The burning spray hits you.
You are even more covered in liquid fire!
Aiming: Throw Flame
Press: ? - help, Q - select action, (/) - cycle Shift-Dir - straight line, f - bombardier beetle
Aim: a bombardier beetle (moderately wounded, 81% to hit)
The puff of flame hits the bombardier beetle.
The bombardier beetle is heavily wounded.
The liquid fire burns you!
* * * LOW HITPOINT WARNING * * *
The bombardier beetle bites you.
* * * LOW HITPOINT WARNING * * *
Aiming: Throw Flame
Press: ? - help, Q - select action, (/) - cycle Shift-Dir - straight line, f/p - bombardier beetle
Aim: a bombardier beetle (heavily wounded, 81% to hit)
The puff of flame hits the bombardier beetle.
The bombardier beetle is severely wounded.
The liquid fire burns you!
* * * LOW HITPOINT WARNING * * *
You shake off some of the fire as you move.
The liquid fire burns you!
* * * LOW HITPOINT WARNING * * *
You shake off some of the fire as you move.
The liquid fire burns you!
You die...
Your body crumbles into a pile of gold.

#+####.?##...####+###
##...##..##...#
#.............#
#.............#
#.............#
#.............#
#.............#
#..........>..+
##...####..@..#
....####.....##
........B!....#
..........$..#
............>+
##...##.##..## #...
#+##..# #.. #.... #.
.....


You could see a bombardier beetle.

Vanquished Creatures
  Eustachio (D:4)
  A phantom (D:4)
  A hound (D:5)
  Jessica (D:2)
  Natasha (thrice) (D:2)
  An orc wizard (D:3)
  5 adders
  A dart slug (D:4)
  A ribbon worm (D:4)
  3 orcs (D:3)
  3 ball pythons
  4 endoplasms
  A giant cockroach (D:3)
  4 goblins
  4 hobgoblins
  8 quokkas
  5 bats
  7 frilled lizards
  5 kobolds
  5 rats
64 creatures vanquished.

Notes
Turn   | Place    | Note
-------+----------+-------------------------------------------
     0 | D:1      | Dittersdorf the Gargoyle Fighter began the quest for the
                  | Orb.
     0 | D:1      | Reached XP level 1. HP: 14/14 MP: 1/1
   394 | D:1      | Reached XP level 2. HP: 18/19 MP: 2/2
   828 | D:2      | Reached XP level 3. HP: 23/23 MP: 3/3
  1100 | D:2      | Noticed Jessica
  1121 | D:2      | Killed Jessica
  1122 | D:2      | Reached XP level 4. HP: 7/29 MP: 4/4
  1502 | D:2      | Noticed Natasha
  1510 | D:2      | Killed Natasha
  1590 | D:2      | Found a faded altar of an unknown god.
  1622 | D:2      | Found a faded altar of an unknown god.
  1839 | D:2      | Noticed Natasha
  1855 | D:2      | Killed Natasha
  1856 | D:2      | Reached XP level 5. HP: 18/33 MP: 3/5
  1981 | D:2      | Noticed Natasha
  1988 | D:2      | Killed Natasha
  2466 | D:3      | HP: 1/34 [orc/+0 club (4)]
  2790 | D:3      | Reached XP level 6. HP: 39/39 MP: 6/6
  3044 | D:4      | Identified a scroll of acquirement
  3044 | D:4      | Acquired the +1 cloak of Starlight {*Dazzle EV+4 Stlth--}
  3044 | D:4      | Found the +1 cloak of Starlight {*Dazzle EV+4 Stlth--}
  3190 | D:4      | Found an iron altar of Okawaru.
  3193 | D:4      | Found a staircase to the Ecumenical Temple.
  3203 | Temple   | Entered the Ecumenical Temple
  3227 | Temple   | Became a worshipper of Gozag Ym Sagoz the Greedy
  3406 | D:4      | Found a bloodstained altar of Trog.
  3908 | D:4      | Found a shimmering blue altar of Sif Muna.
  3953 | D:4      | Noticed Eustachio
  3987 | D:4      | Killed Eustachio
  3988 | D:4      | Reached skill level 5 in Fighting
  3988 | D:4      | Reached skill level 5 in Armour
  3988 | D:4      | Reached skill level 5 in Shields
  3988 | D:4      | Reached XP level 7. HP: 24/44 MP: 4/7
  4250 | D:5      | Entered Level 5 of the Dungeon
  4315 | D:5      | HP: 2/44 [burnt (2)]
  4317 | D:5      | Incinerated by a bombardier beetle

Illustrated notes

Levels and vault maps discovered:
D:1:      scummos_arrival_forest, layout_loops_corners
D:2:      layout_rooms, dreamdust_ecumenical_altar_hidden_monk_grotto,
          uniq_natasha, uniq_jessica
D:3:      layout_loops_cross
D:4:      layout_loops_ring, hellmonk_overflow_destroyed_library,
          mainiacjoe_overflow_alcove_2, minmay_temple_entry_trees,
          uniq_eustachio
D:5:      layout_gridville, serial_library_hellmonk_secret_room, uniq_pikel
Temple:   nicolae_temple_bog_church

Skill      XL: |  1  2  3  4  5  6 |
---------------+-------------------+-----
Fighting       | 4 5 |  5.2
Armour         | 4 5 |  5.1
Shields        | 4 5 |  5.1
Maces & Flails | 3 4 |  4.1

Action                     |  1- 3 |  4- 6 |  7- 9 || total
---------------------------+-------+-------+-------++-------
  Melee: Flail             |    59 |   201 |    21 ||   281
  Evoke: Wand              |       |       |     2 ||     2
    Use: Scroll            |       |     6 |       ||     6
   Stab: Invisible         |       |     1 |     1 ||     2
 Armour: Scale mail        |    40 |   133 |     6 ||   179
  Dodge: Dodged            |    36 |   115 |    12 ||   163
  Block: Buckler           |    12 |    47 |     6 ||    65

Table legend: (Time is in decaauts)
 A = Elapsed time spent in this place.
 B = Non-inter-level travel time spent in this place.
 C = Inter-level travel time spent in this place.
 D = Time resting spent in this place.
 E = Time spent auto-exploring this place.
 F = Levels seen in this place.
 G = Mean time per level.
                   A        B        C        D        E       F      G
               +--------+--------+--------+--------+--------+-----+--------+
         Total |   4425 |   4104 |    321 |    377 |   2979 |   6 |  737.5 |
       Dungeon |   4376 |   4102 |    274 |    377 |   2979 |   5 |  875.2 |
        Temple |     49 |      2 |     47 |      0 |      0 |   1 |   49.0 |
               +--------+--------+--------+--------+--------+-----+--------+

Top non-repeatable levels by time:
     D:2: 1294 daAuts
     D:4: 1163 daAuts
     D:3: 972 daAuts
     D:1: 873 daAuts
     D:5: 71 daAuts
  Temple: 49 daAuts
